 Dungeon Crawl Stone Soup version 0.21-a0-504-g2eda330 (webtiles) character file.

935 Enish the Digger (level 8, -10/69 HPs)
             Began as an Octopode Earth Elementalist on Nov 26, 2017.
             Killed from afar by Dowan (17 damage)
             ... with a shard of ice
             ... on level 7 of the Dungeon.
             The game lasted 00:25:50 (2145 turns).

Enish the Digger (Octopode Earth Elementalist)      Turns: 2145, Time: 00:25:51

Health: -10/69     AC:  1    Str: 12    XL:     8   Next: 11%
Magic:  4/11       EV: 19    Int: 20    God:
Gold:   230        SH:  0    Dex: 17    Spells: 4/11 levels left

rFire    . . .     SeeInvis .   q - +0 long sword
rCold    . . .     Gourm    .   (no shield)
rNeg     . . .     Faith    .   (helmet restricted)
rPois    .         Spirit   .   (no amulet)
rElec    .         Reflect  .   (no ring)
rCorr    .         Harm     .   (no ring)
MR       .....                  (no ring)
Stlth    ..........             (no ring)
HPRegen  0.21/turn              (no ring)
MPRegen  0.12/turn              (no ring)
                                (no ring)
                                (no ring)

@: agile, berserking, very quick
A: almost no armour, stealthy swim, amphibious, 8 rings, constrict 8, camouflage
1, gelatinous body 1
a: no special abilities


You were on level 7 of the Dungeon.
You were hungry.

You visited 1 branch of the dungeon, and saw 8 of its levels.

You collected 230 gold pieces.

Inventory:

Hand Weapons
 q - a +0 long sword (weapon)
Missiles
 b - 147 stones
 j - 5 tomahawks (quivered)
 p - 3 curare-tipped needles
 s - 18 sling bullets
Wands
 n - a wand of paralysis (16)
Scrolls
 f - a scroll of remove curse
 o - 2 scrolls of teleportation
Potions
 a - 3 potions of curing
 e - 2 potions of resistance
 h - a potion of brilliance
 l - 2 potions of flight
Books
 d - a book of Geomancy

   Spells                             Type                      Level
   a - Sandblast                      Earth                        1
   b - Passwall                       Transmutation/Earth          2
   c - Stone Arrow                    Conjuration/Earth            3
   d - Petrify                        Transmutation/Earth          4
   e - Lee's Rapid Deconstruction     Earth                        5
 r - a book of Misfortune

   Spells                             Type                      Level
   a - Confusing Touch                Hexes                        1
   b - Confuse                        Hexes                        3
   c - Gell's Gravitas                Translocation                3
   d - Petrify                        Transmutation/Earth          4
   e - Metabolic Englaciation         Hexes/Ice                    5
   f - Yara's Violent Unravelling     Hexes/Transmutation          5
Comestibles
 c - 4 bread rations
 k - 2 meat rations


   Skills:
 - Level 2.0 Dodging
 + Level 7.8 Stealth
 - Level 2.0 Spellcasting
 - Level 1.0 Transmutations
 * Level 7.9 Earth Magic
 - Level 1.0 Evocations


You had 4 spell levels left.
You knew the following spells:

 Your Spells              Type           Power        Failure   Level  Hunger
a - Sandblast             Erth           ####..       1%          1    #......
b - Passwall              Tmut/Erth      ###.......   3%          2    ##.....
c - Petrify               Tmut/Erth      ###.....     26%         4    #####..


Dungeon Overview and Level Annotations

Branches:
Dungeon (8/15)
 Temple: D:4-7         Lair: D:8-11

Altars:
Wu Jian

Annotations:
D:2 exclusion: downstairs
D:7 Dowan


Innate Abilities, Weirdness & Mutations

You cannot wear most types of armour.
You are very stealthy in the water. (Stealth+)
You are amphibious.
You can wear up to eight rings at the same time.
You can use your tentacles to constrict eight enemies at once.
Your skin changes colour to match your surroundings (Stealth+).
Your rubbery body absorbs attacks. (AC +1, EV +1)


Message History

You hit Duvessa but do no damage. You squeeze Duvessa!
Duvessa is almost dead.
You constrict Duvessa, but do no damage.
Dowan hits you but does no damage. Duvessa completely misses you.
You slash Duvessa!
You kill Duvessa!
Dowan screams, "No!
Oh no!"
Dowan seems to find hidden reserves of power!
You have reached level 8!
Dowan hits you but does no damage. x2
You hit Dowan. Your grab misses Dowan. You squeeze Dowan.
Dowan is moderately wounded.
Dowan closely misses you.
You riposte.
You barely miss Dowan. You grab Dowan.
Dowan is moderately wounded.
You barely miss Dowan.
Dowan is moderately wounded.
You constrict Dowan. Dowan casts a spell at you. The shard of ice hits you!
You die...

#.##......
#........#
#......#. ..._..<
.....# ....# #+#
#)e# ####.#### #@#
######.......# #.#
#.. ......##.# #.#
#.# #.#...#.# #.#
#.####......>#
#.###.##..........
#........#.#(.##.#
#####.####.#..##.#
#.####.#..##.#
#............#


You could see Dowan.

Vanquished Creatures
  A hornet (D:7)
  Duvessa (D:7)
  An ice beast (D:7)
  An ogre (D:4)
  A bullfrog (D:6)
  A scorpion (D:4)
  A crimson imp (D:7)
  2 orc priests (D:4)
  3 worker ants
  The ghost of Vidiiot the Insei, a weakling GnGl (D:3)
  A worker ant zombie (D:7)
  3 adders
  4 oozes
  An adder skeleton (D:4)
  A dart slug (D:1)
  2 worms (D:2)
  5 leopard geckos
  6 orcs
  2 ball pythons
  3 giant cockroaches
  8 goblins
  6 hobgoblins
  4 jackals (D:4)
  5 kobolds
  3 quokkas
  8 bats
  6 frilled lizards
  14 rats
95 creatures vanquished.

Notes
Turn   | Place    | Note
-------+----------+-------------------------------------------
     0 | D:1      | Enish the Octopode Earth Elementalist began the quest for the Orb.
     0 | D:1      | Reached XP level 1. HP: 11/11 MP: 3/3
     4 | D:1      | Noticed a minotaur zombie
     6 | D:1      | Noticed a merfolk zombie
     8 | D:1      | Noticed a minotaur zombie
    79 | D:2      | Reached XP level 2. HP: 14/17 MP: 3/5
   210 | D:1      | Reached XP level 3. HP: 19/21 MP: 4/6
   321 | D:1      | Learned a level 2 spell: Passwall
   649 | D:2      | Reached XP level 4. HP: 10/27 MP: 3/7
   778 | D:3      | Noticed Vidiiot's ghost (weakling GnGl)
   799 | D:2      | Learned a level 4 spell: Petrify
  1039 | D:4      | Noticed an ogre
  1042 | D:4      | Killed an ogre
  1042 | D:4      | Reached skill level 5 in Stealth
  1042 | D:4      | Reached skill level 5 in Earth Magic
  1042 | D:4      | Reached XP level 5. HP: 31/31 MP: 4/8
  1058 | D:4      | Reached XP level 6. HP: 36/36 MP: 3/9
  1092 | D:5      | Entered Level 5 of the Dungeon
  1374 | D:3      | Reached skill level 1 in Evocations
  1448 | D:3      | Killed Vidiiot's ghost
  1922 | D:7      | Reached XP level 7. HP: 37/41 MP: 6/10
  1967 | D:7      | Noticed a hornet
  1975 | D:7      | Killed a hornet
  2132 | D:7      | Found an ornate altar of the Wu Jian Council.
  2134 | D:7      | Noticed Dowan
  2135 | D:7      | Noticed Duvessa
  2143 | D:7      | Killed Duvessa
  2143 | D:7      | Reached XP level 8. HP: 7/46 MP: 4/11
  2145 | D:7      | Killed from afar by Dowan

Vault maps used:
D:1:      shiori_arrival_whats_in_store_for_you, minmay_misc_feat_diagonals,
          serial_bayou_pond_c
D:2:      chequers_big_river
D:4:      nicolae_overflow_hidden_temple, first_bread
D:6:      cheibrodos_barr_body, minitemple, minmay_temple_entry_junction
D:7:      basic_altar, uniq_duvessa
D:8:      grunt_livestock

Skill      XL: |  1  2  3  4  5  6  7 |
---------------+----------------------+-----
Stealth        | 3 4 5 6 7 |  7.8
Earth Magic    | 4 5 6 7 |  7.9
Evocations     | 1 |  1.0
Dodging        | |  2.0
Spellcasting   | |  2.0
Transmutations | |  1.0

Action                   |  1- 3 |  4- 6 |  7- 9 || total
-------------------------+-------+-------+-------++-------
Melee: Unarmed           |    62 |    12 |       ||    74
       Constrict         |    14 |    21 |     4 ||    39
       Tentacles         |     8 |     8 |     3 ||    19
       Long sword        |       |    42 |     7 ||    49
Throw: Tomahawk          |       |     1 |       ||     1
 Cast: Sandblast         |    29 |    45 |    21 ||    95
       Passwall          |     1 |     5 |       ||     6
Evoke: Wand              |       |     2 |     3 ||     5
  Use: Scroll            |     6 |     3 |     1 ||    10
       Potion            |     1 |     1 |     3 ||     5
 Stab: Sleeping          |     5 |     1 |     1 ||     7
  Eat: Meat ration       |       |     1 |       ||     1
Armor: Skin              |     4 |    13 |     1 ||    18
Dodge: Dodged            |    43 |    63 |     7 ||   113
       Rpst.: Long sword |       |    24 |     3 ||    27

Table legend:
 A = Spawn XP
 B = Non-spawn XP
 C = Spawn XP percentage of total XP
 D = Spawn monster count
 E = Non-spawn monster count
 F = Spawn count percentage of total count
 G = Total turns spent on level
                    A         B        C        D         E        F      G
               +---------+---------+-------+---------+---------+-------+---------
         Total |       0 |    1336 |   0.0 |       0 |      95 |   0.0 |  2145
               +---------+---------+-------+---------+---------+-------+---------
           D:1 |       0 |      53 |   0.0 |       0 |      24 |   0.0 |   494
           D:2 |       0 |      41 |   0.0 |       0 |      18 |   0.0 |   442
           D:3 |       0 |      90 |   0.0 |       0 |      26 |   0.0 |   445
           D:4 |       0 |     340 |   0.0 |       0 |      15 |   0.0 |   382
           D:5 |       0 |       2 |   0.0 |       0 |       1 |   0.0 |    88
           D:6 |       0 |      86 |   0.0 |       0 |       2 |   0.0 |    65
           D:7 |       0 |     724 |   0.0 |       0 |       9 |   0.0 |   225
               +---------+---------+-------+---------+---------+-------+---------
